 Dungeon Crawl Stone Soup version 0.32-a0-779-g362cfcae2a (webtiles) character file.

Game seed: 8705302545898442449

36171 Aldia the Impaler (level 13, -8/99 HPs)
             Began as a Merfolk Shapeshifter on Mar 20, 2024.
             Was an Elder of Hepliaklqana.
             Mangled by a minotaur
             ... wielding a +3 trident of venom
              (36 damage)
             ... in a Gauntlet.
             The game lasted 00:43:52 (14377 turns).

Aldia the Impaler (Merfolk Shapeshifter)           Turns: 14377, Time: 00:43:53

Health: -8/99      AC: 22    Str: 20    XL:     13   Next: 88%
Magic:  17/17      EV: 21    Int: 10    God:    Hepliaklqana [****..]
Gold:   544        SH:  0    Dex: 22    Spells: 12/12 levels left

rFire   . . .        h - +9 trident of Impatience {heavy, rC+ Str+3 Dex+2 Stlth+}
rCold   + . .        (no shield)
rNeg    + . .        J - +0 acid dragon scales
rPois   .            k - +1 helmet
rElec   .            M - +1 cloak
rCorr   +            W - +1 pair of gloves {hurl}
SInv    +            S - +2 pair of boots "Quip" {Dex+5}
Will    +++..        t - amulet of the Four Winds {rN+ Will+++ Clar}
Stlth   +++          x - +4 ring of protection
HPRegen 0.36/turn    U - ring of see invisible
MPRegen 0.15/turn

%: no teleportation, clarity
@: hasted, very quick
A: reduced essence, (nimble swimmer 2), mertail
a: Renounce Religion, Recall Ancestor, Ancestor Identity, Transference, Idealise


You were in a Gauntlet.
You worshipped Hepliaklqana.
Hepliaklqana was greatly pleased with you.
You visited 3 branches of the dungeon, and saw 15 of its levels.
You also visited: Gauntlet and Ice Cave.

You collected 1728 gold pieces.
You spent 1184 gold pieces at shops.

Inventory:

Hand Weapons
 h - the +9 trident of Impatience (weapon) {heavy, rC+ Str+3 Dex+2 Stlth+}
   (You found it on level 2 of the Dungeon)

   Str+3:     It affects your strength (+3).
   Dex+2:     It affects your dexterity (+2).
   rC+:       It protects you from cold.
   Stlth+:    It makes you more stealthy.
 w - the +8 trident of Temperance {freeze, rElec rC++}
   (You found it on level 5 of the Dungeon)

   rC++:      It greatly protects you from cold.
   rElec:     It insulates you from electricity.
 G - a +2 antimagic bardiche
Missiles
 B - 6 curare-tipped darts
 C - 33 poisoned darts (quivered)
 E - 4 atropa-tipped darts
 I - 7 javelins
 Z - 2 throwing nets
Armour
 a - a +2 robe of cold resistance
 g - a +0 chain mail
 i - a +0 plate armour
 k - a +1 helmet (worn)
 q - a +2 ring mail of poison resistance
 J - +0 acid dragon scales (worn)
 M - a +1 cloak (worn)
 S - the +2 pair of boots "Quip" (worn) {Dex+5}
   (You acquired it on level 2 of the Lair of Beasts)

   Dex+5:     It affects your dexterity (+5).
 W - a +1 pair of gloves of hurling (worn)
Jewellery
 t - the amulet of the Four Winds (around neck) {rN+ Will+++ Clar}
   (You found it on level 5 of the Dungeon)

   [amulet of nothing]

   rN+:       It protects you from negative energy.
   Will+++:   It greatly increases your willpower.
   Clar:      It protects you from confusion, rage, mesmerisation and fear.
 x - a +4 ring of protection (left hand)
 U - a ring of see invisible (right hand)
 X - an amulet of faith
Talismans
 b - a blade talisman
Wands
 e - a wand of paralysis (7)
 o - a wand of digging (13)
 u - a wand of acid (10)
 L - a wand of flame (9)
Scrolls
 f - a scroll of torment {unknown}
 j - 3 scrolls of fear
 n - 2 scrolls of fog
 s - a scroll of summoning {unknown}
 v - a scroll of silence {unknown}
 y - 3 scrolls of teleportation
 z - a scroll of amnesia {unknown}
 A - 2 scrolls of vulnerability
 K - a scroll of immolation
 N - a scroll of noise {unknown}
 P - a scroll of poison {unknown}
 Y - a scroll of brand weapon {unknown}
Potions
 l - 9 potions of curing
 m - 3 potions of mutation
 p - a potion of attraction
 r - a potion of might
 D - 2 potions of cancellation
 F - 3 potions of ambrosia
 H - 2 potions of enlightenment
 O - 2 potions of heal wounds
 R - a potion of haste
 T - a potion of resistance
 V - a potion of magic
Miscellaneous
 Q - a phial of floods


   Skills:
 + Level 13.4 Fighting
 + Level 15.7 Polearms
 + Level 7.8 Armour
 + Level 13.8 Dodging
 - Level 3.0 Stealth
 - Level 3.7 Unarmed Combat
 + Level 5.5 Invocations
 - Level 5.2 Shapeshifting


You had 12 spell levels left.
You didn't know any spells.
Your spell library contained the following spells:

 Spells                   Type           Power      Damage    Failure   Level
 Magic Dart               Conj           0%         1d3       43%         1
 Slow                     Hex            0%         N/A       43%         1
 Call Imp                 Summ           0%         N/A       56%         2
 Ensorcelled Hibernation  Hex/Ice        0%         N/A       56%         2
 Searing Ray              Conj           0%         2d4       56%         2
 Sublimation of Blood     Necr           0%         N/A       56%         2
 Confusing Touch          Hex            0%         N/A       80%         3
 Gell's Gravitas          Tloc           0%         N/A       80%         3
 Inner Flame              Hex/Fire       0%         N/A       80%         3
 Passwall                 Erth           0%         N/A       80%         3
 Sigil of Binding         Hex            0%         N/A       80%         3
 Swiftness                Air            0%         N/A       80%         3
 Teleport Other           Tloc           0%         N/A       80%         3
 Tukima's Dance           Hex            0%         N/A       80%         3
 Vampiric Draining        Necr           0%         2d6       80%         3
 Animate Dead             Necr           0%         N/A       99%         4
 Brom's Barrelling Bould  Conj/Erth      0%         2d3       99%         4
 Flame Wave               Conj/Fire      0%         2d4       99%         4
 Fulminant Prism          Conj/Alch      0%         3d5       99%         4
 Passage of Golubria      Tloc           0%         N/A       99%         4
 Sticky Flame             Fire/Alch      0%         2d4       99%         4
 Fireball                 Conj/Fire      0%         3d3       100%        5
 Iskenderun's Battlesphe  Conj           0%         2d6       100%        5
 Yara's Violent Unravell  Hex/Alch       0%         3d3       100%        5
 Conjure Ball Lightning   Conj/Air       0%         3x3d6     100%        6
 Death Channel            Necr           0%         N/A       100%        6
 Dispersal                Tloc           0%         N/A       100%        6
 Sculpt Simulacrum        Ice/Alch       0%         N/A       100%        6
 Haunt                    Necr/Summ      0%         N/A       100%        7
 Orb of Destruction       Conj           0%         9d5       100%        7
 Summon Hydra             Summ           0%         N/A       100%        7
 Infestation              Necr           0%         N/A       100%        8


Dungeon Overview and Level Annotations

Branches:
Dungeon (11/15)            Temple (1/1) D:6            Lair (3/5) D:11
 Shoals (0/4) Lair:2       Spider (0/4) Lair:3        IceCv (visited)
Gauntlet (1/1)
    Orc: D:9-12

Altars:
Ashenzari
Cheibriados
Dithmenos
Elyvilon
Fedhas
Gozag
Hepliaklqana
Kikubaaqudgha
Makhleb
Nemelex Xobeh
Okawaru
Qazlal
Ru
Sif Muna
Trog
Uskayaw
Vehumet
Wu Jian
Xom
Yredelemnul
Zin
The Shining One

Shops:
D:2 !   D:4 *([*:   D:6 (   D:10 ?

Annotations:
D:5 1 runed translucent door, pokeman's ghost, amateur DEHW
D:7 2 transporters Gauntlet 4 transporters


Innate Abilities, Weirdness & Mutations

Your life essence is reduced to manifest your ancestor. (-10% HP)
((You are very nimble when in or above water. (Stealth+, EV+, Speed+++)))
Your lower body shifts to a powerful aquatic tail in water.


Message History

Okay, then.
It was a potion of haste.
You feel yourself speed up.
You open the door.
A minotaur comes into view.
It is wielding a +3 trident of venom and wearing the +3 acid dragon scales "Ymemnox" {Harm ^Drain Fly rCorr Int+2}.
Found four items.
Found a gate leading back out of this place.
There is an open door here.
You swap places.
The minotaur throws a javelin.
The javelin pierces through Kana.
The javelin barely misses you.
There is an open door here.
You swap places.
You reach to attack!
You impale the minotaur!!
The minotaur is moderately wounded.
The minotaur hits you from afar with a +3 trident of venom!
You are poisoned.
You reach to attack!
You hit the minotaur.
The minotaur is heavily wounded.
You feel very sick.
The minotaur hits you from afar with a +3 trident of venom.
You are more poisoned.
You reach to attack!
You closely miss the minotaur.
The minotaur is heavily wounded.
You feel very sick.
You reach to attack!
You puncture the minotaur!
The minotaur is heavily wounded.
You feel very sick.
The minotaur hits you from afar with a +3 trident of venom!!
You feel very sick.
You impale the minotaur!!
The minotaur is almost dead.
You feel very sick.
The minotaur hits you with a +3 trident of venom!
* * * LOW HITPOINT WARNING * * *
You are lethally poisoned!
The minotaur misses you.
Okay, then.
You feel better.
The minotaur hits you with a +3 trident of venom!!
You die...
Hepliaklqana delivers you to your ancestors.

##### #ß∩ß# #).|# #ß.ß#
####/.[# ###ß.#ßHß#
#....#R@.# #.#..#ß.ß# #
#.#..##'##..#.#
#.............#
#.#.##.#.##.#.#
#.#....#....#.#
###.#.#######.#.###
#§§.............§§# ###
####ß.ß.ß..©.©..ß.ß.ß####


You could see the friendly Kana the knight and a minotaur (ally target).

Vanquished Creatures
  Gastronok (Lair:1)
  A reaper (IceCv)
  A hydra (Lair:2)
  2 catoblepae
  A boulder beetle (D:11)
  3 two-headed ogres (D:11)
  Urug (D:10)
  Nergalle (D:10)
  A large abomination (Gauntlet)
  A manticore (D:9)
  Maurice (D:10)
  2 ice statues (IceCv)
  3 black mambas
  6 cane toads
  3 gargoyles
  A torpor snail (Lair:1)
  A cane toad (shapeshifter) (D:11)
  An unseen horror zombie (D:9)
  A komodo dragon (Lair:2)
  2 anaconda simulacra (IceCv)
  5 ice devils
  Psyche (D:9)
  A troll (D:11)
  A red devil (Gauntlet)
  3 merfolk (Lair:2)
  2 polar bears
  18 blink frogs
  3 wyverns
  3 dire elephant simulacra (IceCv)
  26 yaks
  2 vampires (D:11)
  A basilisk (D:11)
  Grum (D:11)
  A death yak simulacrum (IceCv)
  2 steam dragons
  3 vampire mosquitoes (D:10)
  3 harpy simulacra (IceCv)
  2 water moccasins
  An acid dragon (D:10)
  2 hydra simulacra (IceCv)
  3 orc warriors
  3 ice beasts
  A sky beast (D:8)
  2 black bears
  9 wolves
  5 centaurs
  2 kobold brigands
  3 weeping skulls (D:9)
  13 bullfrogs
  4 small abominations (Gauntlet)
  A two-headed ogre simulacrum (IceCv)
  A gnoll sergeant (D:10)
  2 scorpions
  3 wights (D:9)
  16 killer bees
  2 electric eels (Lair:1)
  A howler monkey (D:6)
  A centaur zombie (D:9)
  3 crimson imps (Gauntlet)
  2 hounds (D:5)
  A bombardier beetle (D:5)
  4 orc priests
  A jelly (D:8)
  A gnoll bouda (D:5)
  A human zombie (D:9)
  A sleepcap (D:5)
  2 iguanas
  6 orc wizards
  A spriggan simulacrum (IceCv)
  2 mummies (D:9)
  11 gnolls
  13 adders
  A naga simulacrum (IceCv)
  2 white imps
  3 ufetubi
  A dart slug (D:2)
  9 ribbon worms
  26 orcs
  8 ball pythons
  4 endoplasms
  A giant cockroach (D:1)
  10 goblins
  7 hobgoblins
  15 kobolds
  2 quokkas
  6 bats
  4 frilled lizards
  13 rats
348 creatures vanquished.

Vanquished Creatures (collateral kills)
  An ugly thing (IceCv)
  A torpor snail (Gauntlet)
  Joseph (Lair:1)
  A smoke demon (Gauntlet)
  A komodo dragon (Lair:2)
  An ice devil (Lair:1)
  3 blink frogs
  A wyvern (D:11)
  2 yaks
  A small abomination (Gauntlet)
  A water moccasin (Lair:1)
  2 black bears (D:11)
  2 wolves (Gauntlet)
  A kobold brigand (D:9)
  A centaur zombie (D:9)
  2 orcs (D:10)
  A kobold (D:9)
23 creatures vanquished.

Vanquished Creatures (others)
  2 knights
  An orc wizard (D:9)
  7 ancestors
10 creatures vanquished.

Grand Total: 381 creatures vanquished

Notes
Turn   | Place    | Note
-------+----------+-------------------------------------------
     0 | D:1      | Aldia the Merfolk Shapeshifter began the quest for the Orb.
     0 | D:1      | Reached XP level 1. HP: 15/15 MP: 1/1
    57 | D:1      | Reached XP level 2. HP: 21/21 MP: 2/2
   256 | D:1      | Reached XP level 3. HP: 27/27 MP: 3/3
   492 | D:2      | Found Ogaughiz's Distillery.
   505 | D:2      | Bought a potion of curing for 33 gold pieces
   622 | D:2      | Identified the +9 trident of Impatience {heavy, rC+ Str+3
                  | Dex+2 Stlth+}
   649 | D:2      | Reached skill level 5 in Shapeshifting
   650 | D:2      | Reached skill level 1 in Polearms
   650 | D:2      | Reached XP level 4. HP: 22/33 MP: 4/4
   778 | D:2      | Reached skill level 2 in Polearms
  1068 | D:2      | Reached skill level 3 in Polearms
  1317 | D:3      | Reached XP level 5. HP: 38/38 MP: 5/5
  1320 | D:3      | Found a faded altar of an unknown god.
  1322 | D:3      | Reached skill level 4 in Polearms
  1649 | D:3      | Reached skill level 5 in Polearms
  2005 | D:2      | Bought a potion of heal wounds for 55 gold pieces
  2098 | D:4      | Found Pemu's Book Shoppe.
  2103 | D:4      | Reached XP level 6. HP: 41/44 MP: 6/6
  2159 | D:4      | Found Cyetsar's Weapon Emporium.
  2186 | D:4      | Found Mumpuh's Antique Armour Shoppe.
  2259 | D:4      | Found Naud's Assorted Antiques.
  2267 | D:4      | Bought a scroll labelled MEOGAR AXERO for 25 gold pieces
  2294 | D:4      | Found Otuetut's Assorted Antiques.
  2963 | D:5      | Entered Level 5 of the Dungeon
  3032 | D:5      | Noticed a black bear
  3040 | D:5      | Killed a black bear
  3041 | D:5      | Reached skill level 6 in Polearms
  3135 | D:5      | Found the amulet of the Four Winds {rN+ Will+++ Clar}
  3180 | D:5      | Noticed an ice beast
  3186 | D:5      | Killed an ice beast
  3187 | D:5      | Reached skill level 1 in Armour
  3187 | D:5      | Reached XP level 7. HP: 52/52 MP: 7/7
  3511 | D:5      | Reached skill level 7 in Polearms
  3774 | D:5      | Identified the +8 trident of Temperance {freeze, rElec
                  | rC++}
  3777 | D:5      | Found a runed translucent door.
  3781 | D:5      | Noticed pokeman's ghost (amateur DEHW)
  4253 | D:6      | Found Loevvaqio's Weapon Shoppe.
  4265 | D:6      | Reached XP level 8. HP: 60/60 MP: 8/8
  4427 | D:6      | Found a staircase to the Ecumenical Temple.
  4439 | Temple   | Entered the Ecumenical Temple
  4452 | Temple   | Became a worshipper of Hepliaklqana the Forgotten
  4652 | D:7      | Noticed a troll
  4654 | D:7      | Found a transporter.
  4833 | D:7      | Found a transporter.
  4839 | D:7      | Noticed a tengu warrior
  4839 | D:7      | Noticed a gargoyle
  4843 | D:7      | Found a broken altar of Ashenzari.
  4906 | D:7      | Reached skill level 8 in Polearms
  4906 | D:7      | Reached skill level 5 in Dodging
  5300 | D:7      | Reached skill level 9 in Polearms
  5305 | D:7      | Found a sacrificial altar of Ru.
  5309 | D:7      | Reached skill level 5 in Fighting
  5313 | D:7      | Found a glowing golden altar of the Shining One.
  5506 | D:8      | Noticed a yak
  5508 | D:8      | Reached skill level 10 in Polearms
  5511 | D:8      | Noticed a yak
  5513 | D:8      | Reached XP level 9. HP: 32/69 MP: 9/9
  5659 | D:8      | Reached * piety under Hepliaklqana
  5742 | D:8      | Reached skill level 11 in Polearms
  5789 | D:8      | Reached skill level 12 in Polearms
  5815 | D:8      | Reached skill level 13 in Polearms
  5916 | D:8      | Found a white marble altar of Elyvilon.
  6074 | D:4      | Bought a runed bardiche for 240 gold pieces
  6357 | D:2      | Bought a potion of enlightenment for 55 gold pieces
  6696 | D:9      | Reached XP level 10. HP: 72/72 MP: 10/10
  6747 | D:9      | Reached skill level 1 in Invocations
  6804 | D:9      | Noticed a manticore
  7137 | D:9      | Noticed Psyche
  7145 | D:9      | Killed Psyche
  7239 | D:9      | Reached skill level 14 in Polearms
  7356 | D:9      | Found a basalt altar of Yredelemnul.
  7582 | D:9      | Killed a manticore
  7625 | D:9      | Found a shimmering blue altar of Sif Muna.
  7683 | D:9      | Found a hide-covered altar of Uskayaw.
  7684 | D:9      | Found a snail-covered altar of Cheibriados.
  7750 | D:10     | Entered Level 10 of the Dungeon
  7750 | D:10     | Found a blossoming altar of Fedhas.
  7750 | D:10     | Found an ancient bone altar of Kikubaaqudgha.
  7750 | D:10     | Found a sparkling altar of Nemelex Xobeh.
  7750 | D:10     | Found a shimmering altar of Xom.
  7750 | D:10     | Found a bloodstained altar of Trog.
  7882 | D:10     | Noticed a gargoyle
  7890 | D:10     | Killed a gargoyle
  8110 | D:10     | Noticed Urug
  8117 | D:10     | Killed Urug
  8118 | D:10     | Reached XP level 11. HP: 60/81 MP: 14/14
  8285 | D:10     | Noticed Nergalle
  8294 | D:10     | Killed Nergalle
  8461 | D:10     | Reached skill level 10 in Fighting
  8647 | D:10     | Found Suas's Magic Scroll Boutique.
  8650 | D:10     | Bought a scroll of fear for 44 gold pieces
  8650 | D:10     | Bought a scroll of identify for 22 gold pieces
  8658 | D:10     | Noticed Maurice
  8665 | D:10     | Killed Maurice
  8738 | D:10     | Reached ** piety under Hepliaklqana
  8739 | D:10     | Remembered your ancestor Kana as a knight
  8780 | D:10     | Reached skill level 15 in Polearms
  8923 | D:11     | Noticed an entropy weaver
  8926 | D:11     | an entropy weaver changed into a cane toad
  8929 | D:11     | Reached skill level 1 in Stealth
  8962 | D:11     | Found a staircase to the Lair.
  9246 | D:11     | Noticed a two-headed ogre
  9254 | D:11     | Killed a two-headed ogre
  9282 | D:11     | Noticed a two-headed ogre
  9290 | D:11     | Killed a two-headed ogre
  9561 | D:11     | Noticed Grum
  9569 | D:11     | Killed Grum
  9574 | D:11     | Identified the +0 leather armour of the Rhinotaur {Dex+3
                  | SInv}
  9696 | D:11     | Noticed a two-headed ogre
  9704 | D:11     | Killed a two-headed ogre
  9705 | D:11     | Reached skill level 5 in Armour
  9705 | D:11     | Reached XP level 12. HP: 89/89 MP: 15/15
  9757 | D:11     | Noticed a boulder beetle
  9774 | D:11     | Killed a boulder beetle
  9958 | Lair:1   | Entered Level 1 of the Lair of Beasts
  9958 | Lair:1   | Noticed Joseph
  9972 | Lair:1   | Reached skill level 10 in Dodging
  9973 | Lair:1   | Killed Joseph
 10149 | Lair:1   | Noticed a catoblepas
 10157 | Lair:1   | Killed a catoblepas
 10185 | Lair:1   | Noticed Gastronok
 10196 | Lair:1   | Killed Gastronok
 10378 | Lair:1   | Reached *** piety under Hepliaklqana
 10529 | Lair:1   | Found a frozen archway.
 10566 | IceCv    | Entered an ice cave
 10740 | IceCv    | Reached XP level 13. HP: 97/97 MP: 16/16
 11014 | IceCv    | Noticed a reaper
 11027 | IceCv    | Killed a reaper
 11959 | Lair:2   | Identified 2 scrolls of acquirement
 12093 | Lair:2   | Acquired 977 gold pieces
 12284 | D:4      | Bought a potion of heal wounds for 100 gold pieces
 12284 | D:4      | Bought a scroll labelled HIH VADOIMEDD for 20 gold pieces
 12284 | D:4      | Bought a red potion for 18 gold pieces
 12302 | D:4      | Bought a scroll of teleportation for 75 gold pieces
 12302 | D:4      | Bought a potion of curing for 75 gold pieces
 12302 | D:4      | Acquired the +2 pair of boots "Quip" {Dex+5}
 12309 | D:4      | Bought an emerald ring for 125 gold pieces
 12371 | D:2      | Bought 2 potions of mutation for 176 gold pieces
 12371 | D:2      | Bought a potion of magic for 88 gold pieces
 12371 | D:2      | Bought a potion of curing for 33 gold pieces
 12966 | Lair:2   | Reached skill level 5 in Invocations
 12989 | Lair:2   | Found a staircase to the Shoals.
 13402 | Lair:2   | Reached **** piety under Hepliaklqana
 13800 | Lair:3   | Found a hole to the Spider Nest.
 13810 | Lair:3   | Found a gate leading to a gauntlet.
 13816 | Gauntlet | Entered a Gauntlet
 13816 | Gauntlet | Found a transporter.
 13816 | Gauntlet | Found a transporter.
 13816 | Gauntlet | Found a transporter.
 13834 | Gauntlet | Found a transporter.
 13843 | Gauntlet | Noticed a dire elephant
 13844 | Gauntlet | Found a transporter.
 13911 | Gauntlet | Found a transporter.
 13921 | Gauntlet | Found a transporter.
 13936 | Gauntlet | Found a transporter.
 13946 | Gauntlet | Found a transporter.
 13961 | Gauntlet | Found a transporter.
 13967 | Gauntlet | Found a transporter.
 13992 | Gauntlet | Found a transporter.
 14366 | Gauntlet | Identified the +3 acid dragon scales "Ymemnox" {Harm ^Drain
                  | Fly rCorr Int+2}
 14366 | Gauntlet | Noticed a minotaur
 14377 | Gauntlet | Mangled by a minotaur

Illustrated notes

Levels and vault maps discovered:
D:1:      zaba_arrival_water, layout_basic, minmay_tetromino_s4
D:2:      layout_rooms, serial_shops, shop_statue
D:3:      layout_loops_ring, basic_ecumenical_altar, st_stairs_11
D:4:      layout_rooms, serial_shops, nicolae_lakefront_shop, shop,
          nicolae_shop_just_a_little_nook, nicolae_shop_tiny_real_fake_doors,
          nicolae_square_shop, minivault_5, grunt_ministairs_11,
          serial_bayou_lagoon_a
D:5:      layout_basic, gammafunk_ghost_grave, nicolae_wormholes
D:6:      layout_loops_cross, minmay_temple_entry_drinking_statues,
          serial_shops, nicolae_shop_statue_plus
D:7:      layout_basic, gammafunk_temple_overflow_arena, jmf_multi_god_temple2
D:8:      layout_basic, elyvilon_altar_3
D:9:      layout_roguey, gammafunk_temple_overflow_forgotten,
          lemuel_mausoleum_altar_yredelemnul, uniq_psyche
D:10:     layout_gridville, grunt_temple_overflow_open, serial_shops,
          nicolae_shop_window_shopping, uniq_maurice, uniq_urug, uniq_nergalle
D:11:     layout_gridville, minmay_lair_entry_grove, uniq_grum
Temple:   nicolae_temple_cloud_nine
Lair:1:   layout_regular_city, portal_ice_cave_demonic_guard,
          infiniplex_staircase_pool, grunt_megastairs_4, uniq_gastronok,
          uniq_joseph
Lair:2:   layout_gridlike, mainiacjoe_shoals_entry_four_pools
Lair:3:   layout_cave_pods, spider_nest_entry_rubble, gauntlet_entry_generic
Gauntlet: gammafunk_gauntlet_shortcut [nicolae_gauntlet_arena_t_cross,
          nicolae_gauntlet_arena_x, gammafunk_gauntlet_arena_spirals,
          gammafunk_gauntlet_arena_corners, nicolae_gauntlet_arena_grate_2,
          gammafunk_gauntlet_arena_grid, nicolae_gauntlet_exit_dead_adventurers]

Skill      XL: |  1  2  3  4  5  6  7  8  9 10 11 12 13 |
---------------+----------------------------------------+-----
Dodging        | 3 4 5 6 9 12 13 | 13.8
Fighting       | 2 3 5 7 9 10 12 13 | 13.4
Shapeshifting  | 5 |  5.2
Polearms       | 1 3 5 6 7 10 13 14 15 | 15.7
Armour         | 1 2 5 6 7 |  7.8
Invocations    | 4 5 |  5.5
Stealth        | 3 |  3.0
Unarmed Combat | |  3.7

Action                     |  1- 3 |  4- 6 |  7- 9 | 10-12 | 13-15 || total
---------------------------+-------+-------+-------+-------+-------++-------
  Melee: Unarmed           |    92 |     3 |       |       |       ||    95
         Punch             |     2 |       |       |       |       ||     2
         Trident           |       |   102 |   143 |   363 |   227 ||   835
         Tailslap          |       |       |       |     1 |     7 ||     8
 Invoke: Ancestor Identity |       |       |     1 |       |       ||     1
         Ancestor Life: Kn |       |       |       |     1 |       ||     1
         Recall Ancestor   |       |       |       |     1 |     2 ||     3
  Evoke: Wand              |       |       |       |     3 |       ||     3
    Use: Potion            |     2 |     1 |     2 |     1 |     2 ||     8
         Scroll            |       |     3 |     7 |     5 |     8 ||    23
   Stab: Sleeping          |     2 |     9 |     5 |    20 |    10 ||    46
         Distracted        |       |     1 |     1 |     2 |     1 ||     5
 Armour: Animal skin       |    36 |    24 |       |       |       ||    60
         Skin              |    12 |     2 |       |       |       ||    14
         Chain mail        |       |    17 |       |       |       ||    17
         Ring mail         |       |    14 |    81 |    43 |       ||   138
         Acid dragon scale |       |       |       |    98 |    96 ||   194
  Dodge: Dodged            |    56 |    48 |    88 |   155 |   141 ||   488
         Form:             |       |       |       |     1 |       ||     1

Table legend: (Time is in decaauts)
 A = Elapsed time spent in this place.
 B = Non-inter-level travel time spent in this place.
 C = Inter-level travel time spent in this place.
 D = Time resting spent in this place.
 E = Time spent auto-exploring this place.
 F = Levels seen in this place.
 G = Mean time per level.
                   A        B        C        D        E       F      G
               +--------+--------+--------+--------+--------+-----+--------+
         Total |  14398 |  12720 |   1678 |   1095 |   8779 |  17 |  846.9 |
       Dungeon |  10460 |   8924 |   1536 |    340 |   6874 |  11 |  950.9 |
        Temple |     23 |     11 |     12 |      0 |      0 |   1 |   23.0 |
          Lair |   2550 |   2421 |    129 |    331 |   1520 |   3 |  850.0 |
      Ice Cave |    811 |    811 |      0 |    337 |    199 |   1 |  811.0 |
      Gauntlet |    552 |    552 |      0 |     87 |    186 |   1 |  552.0 |
               +--------+--------+--------+--------+--------+-----+--------+

Top non-repeatable levels by time:
  Lair:2: 1313 daAuts
    D:10: 1193 daAuts
  Lair:1: 1179 daAuts
     D:9: 1176 daAuts
     D:5: 1099 daAuts
     D:4: 1083 daAuts
    D:11: 1064 daAuts
     D:6: 973 daAuts
     D:7: 853 daAuts
     D:3: 834 daAuts
   IceCv: 811 daAuts
     D:2: 810 daAuts
     D:8: 761 daAuts
     D:1: 610 daAuts
Gauntlet: 552 daAuts
